 Dungeon Crawl Stone Soup version 0.31-a0-175-g9f7f995f2b (webtiles) character file.

Game seed: 10790455159502760448

114 qw the Shooter (level 4, 0/40 HPs)
             Began as a Naga Hunter on June 16, 2023.
             Slain by a phantom (3 damage)
             ... on level 3 of the Dungeon.
             The game lasted 00:00:44 (1241 turns).

qw the Shooter (Naga Hunter)                        Turns: 1241, Time: 00:00:44

Health: 0/40       AC:  4    Str: 13    XL:     4   Next: 98%
Magic:  4/4        EV:  9    Int: 10    God:
Gold:   67         SH:  0    Dex: 16    Spells: 3/3 levels left

rFire   . . .        Y - +0 shortbow
rCold   . . .        (shield currently unavailable)
rNeg    . . .        c - +0 leather armour
rPois   +            (no helmet)
rElec   .            d - +1 cloak
rCorr   .            (no gloves)
SInv    +            (no barding)
Will    .....        (no amulet)
Stlth   ++           (no ring)
HPRegen 0.26/turn    (no ring)
MPRegen 0.09/turn

%: no passive effects
@: short of breath, very slow
A: AC +1, large, see invisible, deformed body, poison resistance, slowness 2,
spit poison 1, naga tail 1
a: Spit Poison


You were on level 3 of the Dungeon.
You visited 1 branch of the dungeon, and saw 3 of its levels.

You collected 67 gold pieces.


Innate Abilities, Weirdness & Mutations

Your serpentine skin is tough. (AC +1)
You have supernaturally acute eyesight. (SInv)
Armour fits poorly on your strangely shaped body.
Your system is resistant to poisons. (rPois)
You cover ground very slowly.
You can spit poison.
You have a snake-like lower body.


   Skills:
 + Level 2.3 Fighting
 - Level 5.4 Ranged Weapons
 - Level 1.5 Dodging
 - Level 1.5 Stealth


You had 3 spell levels left.
You didn't know any spells.
Your spell library was empty.

Inventory:

Hand Weapons
 Y - a +0 shortbow (weapon)
Armour
 c - a +0 leather armour (worn)
 d - a +1 cloak (worn)
Potions
 b - a potion of curing {unknown}
 e - a potion of might
 f - a potion of degeneration {unknown}
 g - a potion of lignification {unknown}

Dungeon Overview and Level Annotations

Branches:
Dungeon (3/15)

Altars:
Wu Jian


Message History

The splash of poison hits the kobold!
The kobold is poisoned.
You kill the kobold!
You shoot an arrow.
The arrow completely misses the phantom.
The phantom hits you.
You shoot an arrow. The arrow barely misses the phantom.
The phantom hits you.
The phantom blinks!
You blink.
A frilled lizard comes into view.
You shoot an arrow. The arrow hits the phantom!
The phantom is moderately damaged.
You have got your breath back.
The frilled lizard hisses angrily.
The phantom hits you.
The phantom blinks!
You blink.
You shoot an arrow. The arrow closely misses the phantom.
The phantom hits you.
The phantom blinks!
You blink.
You shoot an arrow.
The arrow hits the phantom but does no damage.
The phantom is moderately damaged.
The phantom hits you.
You shoot an arrow. The arrow barely misses the phantom.
The phantom hits you.
You shoot an arrow. The arrow hits the phantom.
The phantom is heavily damaged.
The phantom hits you but does no damage. x2
You shoot an arrow. The arrow barely misses the phantom.
The phantom barely misses you.
You shoot an arrow. The arrow hits the phantom!
The phantom is severely damaged.
The phantom hits you.
The phantom blinks!
You blink.
1239 ||| INVOKING Spit Poison.
Aiming: Spit Poison (1% risk of failure)
Press: ? - help, Shift-Dir - straight line, f - frilled lizard, p - phantom The splash of poison hits the frilled lizard!
You kill the frilled lizard!
The phantom hits you.
The phantom blinks!
You blink.
You shoot an arrow. The arrow barely misses the phantom.
The phantom hits you.
You shoot an arrow. The arrow barely misses the phantom.
The phantom hits you.
You die...

#....# ###....# .##
###......#
...###...###.##
............## .
#....####....###...
..##.#####%.........
#.#####................
..........@W#.##.######
......#.#####.# .#
##### #..####.##.#
#.....#...##.#..#
#.....###.##.#.##
#..... #.##.ยค.###
#.....###.#.......l...
#<....................
#.....###......####...


You could see a phantom.

Vanquished Creatures
  A phantom (D:2)
  An adder (D:2)
  A worm (D:3)
  A dart slug (D:1)
  3 endoplasms (D:1)
  3 giant cockroaches (D:1)
  4 goblins
  2 jackals (D:1)
  3 kobolds
  A quokka (D:1)
  3 ball pythons (D:1)
  A bat (D:1)
  2 frilled lizards
  5 rats
31 creatures vanquished.

Notes
Turn   | Place    | Note
-------+----------+-------------------------------------------
     0 | D:1      | qw the Naga Hunter began the quest for the Orb.
     0 | D:1      | Reached XP level 1. HP: 19/19 MP: 1/1
     0 | D:1      | 0 ||| qw: Version: 0.2-a-29-g511e9b1
     0 | D:1      | 0 ||| qw: Game counter: 5840
     0 | D:1      | 0 ||| qw: Always use a shield: true
     0 | D:1      | 0 ||| qw: God list: Okawaru
     0 | D:1      | 0 ||| qw: Allow faded altars: false
     0 | D:1      | 0 ||| qw: Do Orc after D:15 true
     0 | D:1      | 0 ||| qw: Do second Lair branch before Depths: true
     0 | D:1      | 0 ||| qw: Lair rune preference: random
     0 | D:1      | 0 ||| qw: Plans: Normal
     0 | D:1      | 0 ||| PLANNING D:1-11
    15 | D:1      | 15 ||| INVOKING Spit Poison.
    46 | D:1      | Reached skill level 4 in Ranged Weapons
    46 | D:1      | Reached XP level 2. HP: 26/26 MP: 2/2
    47 | D:1      | 47 ||| INVOKING Spit Poison.
    71 | D:1      | 71 ||| INVOKING Spit Poison.
    78 | D:1      | 78 ||| INVOKING Spit Poison.
   145 | D:1      | 145 ||| INVOKING Spit Poison.
   193 | D:1      | 193 ||| INVOKING Spit Poison.
   198 | D:1      | 198 ||| INVOKING Spit Poison.
   199 | D:1      | Reached XP level 3. HP: 32/32 MP: 3/3
   226 | D:1      | 226 ||| INVOKING Spit Poison.
   257 | D:1      | 257 ||| INVOKING Spit Poison.
   325 | D:1      | 325 ||| UPGRADING to +1 cloak.
   330 | D:1      | 330 ||| READING scroll labelled JERUITO NAGERGH.
   331 | D:1      | 331 ||| INVOKING Spit Poison.
   332 | D:1      | 332 ||| INVOKING Spit Poison.
   502 | D:1      | 502 ||| DROPPING scroll of butterflies.
   615 | D:1      | 615 ||| Stepping randomly (stuck).
   670 | D:2      | 670 ||| INVOKING Spit Poison.
   750 | D:2      | 750 ||| INVOKING Spit Poison.
   753 | D:2      | 753 ||| INVOKING Spit Poison.
   804 | D:2      | 804 ||| INVOKING Spit Poison.
   809 | D:2      | Noticed a phantom
   821 | D:2      | Killed a phantom
   822 | D:2      | Reached skill level 5 in Ranged Weapons
   822 | D:2      | Reached XP level 4. HP: 20/39 MP: 4/4
   934 | D:2      | Found an ornate altar of the Wu Jian Council.
   940 | D:2      | 940 ||| INVOKING Spit Poison.
   943 | D:2      | 943 ||| INVOKING Spit Poison.
  1094 | D:2      | 1094 ||| DROPPING ring of flight.
  1095 | D:2      | 1095 ||| DRINKING 2 clear potions.
  1114 | D:3      | 1114 ||| INVOKING Spit Poison.
  1118 | D:3      | 1118 ||| STAIRDANCE
  1120 | D:2      | 1120 ||| INVOKING Spit Poison.
  1123 | D:2      | 1123 ||| INVOKING Spit Poison.
  1204 | D:3      | 1204 ||| INVOKING Spit Poison.
  1227 | D:3      | Noticed a phantom
  1229 | D:3      | 1229 ||| INVOKING Spit Poison.
  1239 | D:3      | 1239 ||| INVOKING Spit Poison.
  1239 | D:3      | HP: 8/40 [phantom (6)]
  1240 | D:3      | HP: 2/40 [phantom (6)]
  1241 | D:3      | Slain by a phantom

Levels and vault maps discovered:
D:1:      minmay_arrival_up_and_down, layout_loops_ring,
          minmay_misc_feat_pillars
D:2:      layout_basic, basic_altar, minmay_pentomino_s2
D:3:      layout_rooms, serial_shops, shop, uniq_robin, uniq_jessica

Skill      XL: |  1  2  3 |
---------------+----------+-----
Ranged Weapons | 4 5 |  5.4
Fighting       | |  2.3
Dodging        | |  1.5
Stealth        | |  1.5

Action                     |  1- 3 |  4- 6 || total
---------------------------+-------+-------++-------
   Fire: Shortbow          |    45 |    25 ||    70
Ability: Spit Poison       |    14 |     8 ||    22
    Use: Scroll            |     1 |       ||     1
         Potion            |       |     1 ||     1
 Armour: Leather armour    |     6 |     2 ||     8
  Dodge: Dodged            |     5 |     6 ||    11

Table legend:
 A = Non-vault XP
 B = Vault XP
 C = Vault XP percentage of total XP
 D = Non-vault monster count
 E = Vault monster count
 F = Vault count percentage of total count
                 A         B        C        D         E       F
            +---------+---------+-------+---------+---------+-------
      Total |      65 |      99 |  60.4 |      29 |       2 |   6.5
            +---------+---------+-------+---------+---------+-------
        D:1 |      39 |       0 |   0.0 |      22 |       0 |   0.0
        D:2 |      18 |      99 |  84.6 |       4 |       2 |  33.3
        D:3 |       8 |       0 |   0.0 |       3 |       0 |   0.0
            +---------+---------+-------+---------+---------+-------
